Gangsters vs Diablos

Created - February 17, 2020 at 19:18

Goals
1 2 3 T
Gangsters 1 1 0 2
Diablos 3 4 0 7
Shots
1 2 3 T
Gangsters 5 15 11 31
Diablos 18 10 10 38

1st period

1. Diablos , Jordan Szwarz 24 (Philip Larsen 20) at 1:58
2. Diablos , Alex Petrovic 4 (Lars Eller 26, David Pastrnak 20) at 7:38 (PP)
3. Gangsters , Seth Griffith 18 (David Pope 10) at 7:48
4. Diablos , Jordan Szwarz 25 (Philip Larsen 21, Danton Heinen 29) at 14:13

Penalties :
Samuel Blais (Bro) for Hooking (Minor) at 6:00

2nd period

5. Diablos , Lars Eller 16 (David Pastrnak 21, Viktor Loov 16) at 3:13 (PP)
6. Diablos , Ty Rattie 5 (Corey Trivino 14) at 5:36
7. Diablos , Alex Petrovic 5 (Jiri Sekac 12, Jordan Szwarz 31) at 10:11
8. Gangsters , Devante Smith-Pelly 28 (Artem Anisimov 35, Brett Ponich 25) at 16:43
9. Diablos , Alex Petrovic 6 (Charles Hudon 1) at 18:15

Penalties :
Brett Ponich (Bro) for Cross-checking (Minor) at 3:01, Dave Dziurzynski (Bro) for Roughing (Minor) at 5:55

3rd period

No Goal

Penalties :
Brett Ponich (Bro) for Holding (Minor) at 0:57, David Pastrnak (Don) for Holding (Minor) at 13:22

Goalie Stats

Jordan Binnington (Bro), 16 saves from 19 shots - (0.842), 36:47 minutes
Dustin Tokarski (Bro), 15 saves from 19 shots - (0.789), L, 18-17-0, 23:13 minutes
Kristers Gudlevskis (Don), 29 saves from 31 shots - (0.935), W, 16-15-4, 60:00 minutes

Players Stats for Gangsters

Player Name              G  A  P  +/- PIM S  H  SB GA TA FO     MP     PP MP  PK MP  
------------------------------------------------------------------------------------
Adam Lowry               0  0  0  -1  0   0  1  0  0  0  1/2     6:15   0:00   0:00 
Artem Anisimov           0  1  1  -3  0   2  1  2  1  0  13/29  25:37   1:07   3:49 
Brett Ponich             0  1  1   1  4   3  1  2  0  2  0/0    25:10   1:17   2:57 
Connor Chatam            0  0  0   0  0   1  1  0  0  0  0/0    12:15   0:00   0:00 
Dave Dziurzynski         0  0  0  -2  2   2  0  0  1  0  0/2    18:23   1:07   0:39 
David Pope               0  1  1   0  0   5  2  0  2  0  0/1    18:58   0:52   1:19 
Derrick Pouliot          0  0  0  -3  0   0  2  0  1  0  0/0    17:32   0:42   1:36 
Devante Smith-Pelly      1  0  1  -2  0   1  1  0  0  1  1/2    21:34   1:07   3:49 
Jacob Middleton          0  0  0   0  0   0  0  0  0  0  0/0     5:24   0:00   0:00 
Jake Marchment           0  0  0   0  0   0  0  0  0  0  0/0     0:22   0:00   0:00 
Jordan Subban            0  0  0  -1  0   2  1  0  0  0  0/0    11:13   0:00   0:45 
Joshua Jacobs            0  0  0   0  0   1  0  0  0  0  0/0     6:21   0:00   0:30 
Julius Vahatalo          0  0  0   0  0   0  0  0  0  0  0/1     2:09   0:00   0:00 
Kevin Roy                0  0  0   0  0   1  3  0  1  0  2/5    12:15   0:00   0:00 
Matt Delahey             0  0  0   1  0   2  1  2  0  0  0/0    26:36   1:17   4:12 
Phillip Danault          0  0  0   0  0   3  1  0  1  0  0/0    13:29   0:00   1:16 
Ryan Culkin              0  0  0  -1  0   0  0  0  0  0  0/0    10:28   0:00   0:00 
Samuel Blais             0  0  0  -1  2   1  2  0  0  0  0/0     6:14   0:00   0:00 
Sebastian Collberg       0  0  0   0  0   2  0  0  1  0  0/1    17:39   0:52   0:00 
Seth Griffith            1  0  1   0  0   5  3  0  0  0  10/16  18:42   0:52   0:44 
Steven Santini           0  0  0  -3  0   0  3  0  0  1  0/0    17:32   0:42   1:36 

Players Stats for Diablos

Player Name              G  A  P  +/- PIM S  H  SB GA TA FO     MP     PP MP  PK MP  
------------------------------------------------------------------------------------
Adrian Kempe             0  0  0   0  0   2  0  0  0  0  2/5    11:53   0:00   0:00 
Alex Petrovic            3  0  3   1  0   5  0  2  1  1  0/0    21:55   4:14   1:11 
Andrei Mironov           0  0  0   1  0   1  0  0  0  1  0/0    13:16   1:34   0:00 
Cameron Gaunce           0  0  0   1  0   4  2  0  1  0  0/0    26:09   1:34   1:11 
Charles Hudon            0  1  1   1  0   0  1  2  0  0  0/0     9:03   0:01   0:00 
Corey Trivino            0  1  1   1  0   3  0  1  0  1  3/4    10:05   0:01   1:02 
Danton Heinen            0  1  1   2  0   0  2  0  0  0  6/11   15:36   1:54   0:00 
David Pastrnak           0  2  2   0  2   2  2  1  0  0  0/1    21:43   3:51   0:00 
Jack Glover              0  0  0   1  0   0  0  0  0  0  0/0    11:10   0:00   0:00 
Jiri Sekac               0  1  1   2  0   2  0  0  0  0  0/1    16:38   1:54   0:30 
Jordan Szwarz            2  1  3   2  0   3  3  0  1  0  0/1    15:36   1:54   0:00 
Lars Eller               1  1  2   0  0   3  2  0  0  1  17/32  22:26   3:53   0:57 
Nick Spaling             0  0  0   0  0   6  5  0  1  2  2/2    21:59   3:53   1:02 
Philip Larsen            0  2  2   1  0   2  0  3  0  0  0/0    25:22   0:00   0:48 
Sergey Tolchinsky        0  0  0   0  0   0  1  0  0  0  0/0    11:53   0:00   0:00 
Ty Rattie                1  0  1   1  0   2  2  0  0  0  0/0     8:45   0:00   0:00 
Tyler Pitlick            0  0  0   0  0   1  0  1  0  1  2/2    12:23   0:03   0:27 
Viktor Loov              0  1  1   1  0   2  1  1  0  1  0/0    22:08   4:14   0:48 

3 Stars

1 - Jordan Szwarz (Don)
2 - Alex Petrovic (Don)
3 - Lars Eller (Don)

Power Play

Gangsters - 0 on 1 Attempt(s) - 0.00%
Diablos - 2 on 4 Attempt(s) - 50.00%

Penalty Kill

Gangsters - 2 on 4 Attempt(s) - 50.00% - Score 0 goal in Penalty Kill
Diablos - 1 on 1 Attempt(s) - 100.00% - Score 0 goal in Penalty Kill

Team Stat

Gangsters - Hits : 23 - Faceoff Wins : 27 - Blocked Shots : 6 - Penalty Minutes : 8
Diablos - Hits : 21 - Faceoff Wins : 32 - Blocked Shots : 11 - Penalty Minutes : 2

Official

Referees : Unknown
Linesman : Unknown

Game Notes

Jordan Binnington enters game at 3:13 of 2nd period
Alex Petrovic has scored a Hat Trick!

Finance

Level 1 -- Attendance: 2000 (100.00%) -- Ticket Income $28,000
Level 2 -- Attendance: 1000 (100.00%) -- Ticket Income $5,000
Total Attendance: 3000 (100.00%)
Total Ticket Income: $33,000
Other Income: $1,650
Total Income: $34,650

Gangsters

5 vs 5 Forward 
   Center                   Left Wing                Right Wing               Time % Phy DF OF 
 1 Artem Anisimov           Dave Dziurzynski         Devante Smith-Pelly      40     1   2  2  
 2 Seth Griffith            David Pope               Sebastian Collberg       30     1   2  2  
 3 Kevin Roy                Phillip Danault          Connor Chatam            20     1   2  2  
 4 Adam Lowry               Samuel Blais             Artem Anisimov           10     1   2  2  

5 vs 5 Defense 
   Defense                  Defense                                           Time % Phy DF OF 
 1 Matt Delahey             Brett Ponich                                      40     1   2  2  
 2 Derrick Pouliot          Steven Santini                                    30     1   2  2  
 3 Ryan Culkin              Jordan Subban                                     20     1   2  2  
 4 Joshua Jacobs            Jacob Middleton                                   10     1   2  2  

PowerPlay Forward 
   Center                   Left Wing                Right Wing               Time % Phy DF OF 
 1 Artem Anisimov           Dave Dziurzynski         Devante Smith-Pelly      60     1   2  2  
 2 Seth Griffith            David Pope               Sebastian Collberg       40     1   2  2  

PowerPlay Defense
   Defense                  Defense                                           Time % Phy DF OF 
 1 Matt Delahey             Brett Ponich                                      60     1   2  2  
 2 Derrick Pouliot          Steven Santini                                    40     1   2  2  

Penalty Kill 4 Players Forward 
   Center                   Wing                     Time % Phy DF OF 
 1 Artem Anisimov           Devante Smith-Pelly      60     1   2  2  
 2 Dave Dziurzynski         David Pope               40     1   2  2  

Penalty Kill 4 Players Defense
   Defense                  Defense                  Time % Phy DF OF 
 1 Matt Delahey             Brett Ponich             60     1   2  2  
 2 Derrick Pouliot          Steven Santini           40     1   2  2  

Penalty Kill - 3 Players Forward 
   Forward                                           Time % Phy DF OF 
 1 Artem Anisimov                                    60     1   2  2  
 2 Devante Smith-Pelly                               40     1   2  2  

Penalty Kill - 3 Players Defense
   Defense                  Defense                  Time % Phy DF OF 
 1 Matt Delahey             Brett Ponich             60     1   2  2  
 2 Derrick Pouliot          Steven Santini           40     1   2  2  

4 vs 4 Forward 
   Center                   Wing                     Time % Phy DF OF 
 1 Artem Anisimov           Devante Smith-Pelly      60     1   2  2  
 2 Dave Dziurzynski         David Pope               40     1   2  2  

4 vs 4 Defense
   Defense                  Defense                  Time % Phy DF OF 
 1 Matt Delahey             Brett Ponich             60     1   2  2  
 2 Derrick Pouliot          Steven Santini           40     1   2  2  

Last Minutes Offensive
   Center                   Left Wing                Right Wing               Defense                  Defense                  
   Artem Anisimov           Dave Dziurzynski         Devante Smith-Pelly      Matt Delahey             Brett Ponich             

Last Minutes Defensive
   Center                   Left Wing                Right Wing               Defense                  Defense                  
   Artem Anisimov           Dave Dziurzynski         Devante Smith-Pelly      Matt Delahey             Brett Ponich             

Goaltenders
Starting : Dustin Tokarski          
Backup : Jordan Binnington        

Extra Forwards
Normal : Julius Vahatalo, Jake Marchment, Phillip Danault - PP : Julius Vahatalo, Jake Marchment - PK : Phillip Danault
Extra Defensemen
Normal : Ryan Culkin, Jordan Subban, Joshua Jacobs - PP : Ryan Culkin - PK : Jordan Subban, Joshua Jacobs
Penalty Shots
Artem Anisimov, Devante Smith-Pelly, Dave Dziurzynski, David Pope, Seth Griffith

Scratches
Richard Panik (Healthy), Stefan Noesen (Suspend), Jonas Brodin (Lacerated Right Calf Injury), Morgan Ellis (Left Hand Injury), Hugo Fagerblom (Healthy)

Diablos

5 vs 5 Forward 
   Center                   Left Wing                Right Wing               Time % Phy DF OF 
 1 Lars Eller               Nick Spaling             David Pastrnak           40     0   1  4  
 2 Danton Heinen            Jiri Sekac               Jordan Szwarz            30     0   1  4  
 3 Adrian Kempe             Sergey Tolchinsky        Tyler Pitlick            20     0   2  3  
 4 Corey Trivino            Charles Hudon            Ty Rattie                10     0   3  2  

5 vs 5 Defense 
   Defense                  Defense                                           Time % Phy DF OF 
 1 Cameron Gaunce           Philip Larsen                                     40     0   2  3  
 2 Alex Petrovic            Viktor Loov                                       30     0   2  3  
 3 Andrei Mironov           Jack Glover                                       20     0   3  2  
 4 Cameron Gaunce           Philip Larsen                                     10     0   2  3  

PowerPlay Forward 
   Center                   Left Wing                Right Wing               Time % Phy DF OF 
 1 Lars Eller               Nick Spaling             David Pastrnak           60     0   0  5  
 2 Danton Heinen            Jiri Sekac               Jordan Szwarz            40     0   0  5  

PowerPlay Defense
   Defense                  Defense                                           Time % Phy DF OF 
 1 Alex Petrovic            Viktor Loov                                       60     0   1  4  
 2 Andrei Mironov           Cameron Gaunce                                    40     0   1  4  

Penalty Kill 4 Players Forward 
   Center                   Wing                     Time % Phy DF OF 
 1 Corey Trivino            Nick Spaling             60     1   4  0  
 2 Lars Eller               Tyler Pitlick            40     1   4  0  

Penalty Kill 4 Players Defense
   Defense                  Defense                  Time % Phy DF OF 
 1 Alex Petrovic            Cameron Gaunce           60     1   4  0  
 2 Philip Larsen            Viktor Loov              40     1   4  0  

Penalty Kill - 3 Players Forward 
   Forward                                           Time % Phy DF OF 
 1 Corey Trivino                                     60     0   5  0  
 2 Lars Eller                                        40     0   5  0  

Penalty Kill - 3 Players Defense
   Defense                  Defense                  Time % Phy DF OF 
 1 Philip Larsen            Cameron Gaunce           60     0   5  0  
 2 Alex Petrovic            Viktor Loov              40     0   5  0  

4 vs 4 Forward 
   Center                   Wing                     Time % Phy DF OF 
 1 Lars Eller               Nick Spaling             60     0   2  3  
 2 Adrian Kempe             David Pastrnak           40     0   2  3  

4 vs 4 Defense
   Defense                  Defense                  Time % Phy DF OF 
 1 Cameron Gaunce           Philip Larsen            60     0   2  3  
 2 Alex Petrovic            Viktor Loov              40     0   2  3  

Last Minutes Offensive
   Center                   Left Wing                Right Wing               Defense                  Defense                  
   Lars Eller               Nick Spaling             David Pastrnak           Cameron Gaunce           Philip Larsen            

Last Minutes Defensive
   Center                   Left Wing                Right Wing               Defense                  Defense                  
   Lars Eller               Nick Spaling             Jordan Szwarz            Cameron Gaunce           Philip Larsen            

Goaltenders
Starting : Kristers Gudlevskis      
Backup : Joni Ortio               

Extra Forwards
Normal : Nick Spaling, David Pastrnak, Jordan Szwarz - PP : Nick Spaling, Lars Eller - PK : Lars Eller
Extra Defensemen
Normal : Cameron Gaunce, Philip Larsen, Alex Petrovic - PP : Cameron Gaunce - PK : Philip Larsen, Cameron Gaunce
Penalty Shots
Nick Spaling, Lars Eller, Jordan Szwarz, David Pastrnak, Tyler Pitlick

Scratches
Peter Holland (Healthy), Jamie Devane (Healthy), Matt Lindblad (Healthy), Tyler Lewington (Healthy), Tobias Lindberg (Healthy)
Andrey Pedan (Healthy), Stuart Percy (Healthy), Anthony Camara (Healthy), Branden Troock (Healthy), Riley Nash (Healthy)
Jakub Vrana (Healthy), Dominic Turgeon (Healthy), Ryan MacInnis (Healthy), Matt Tomkins (Healthy)

% Time on Ice - Gangsters

Lines # - Real PCT - Wanted PCT - Time Play
Normal Forward
1 - 32% - 40% - 16:56
2 - 32% - 30% - 16:47
3 - 23% - 20% - 12:15
4 - 12% - 10% - 6:15
Normal Defense
1 - 40% - 40% - 21:07
2 - 29% - 30% - 15:14
3 - 20% - 20% - 10:28
4 - 10% - 10% - 5:24
PP Forward
1 - 56% - 60% - 1:07
2 - 44% - 40% - 0:52
PP Defense
1 - 65% - 60% - 1:17
2 - 35% - 40% - 0:42
PK Forward
1 - 77% - 60% - 4:29
2 - 23% - 40% - 1:19
PK Defense
1 - 72% - 60% - 4:12
2 - 28% - 40% - 1:36
PK3 Forward
1 - 0% - 60%
2 - 0% - 40%
PK3 Defense
1 - 0% - 60%
2 - 0% - 40%
44 Forward
1 - 0% - 60%
2 - 0% - 40%
44 Defense
1 - 0% - 60%
2 - 0% - 40%
Last Minute Offensive  - 0:00
Last Minute Defensive  - 0:00
Total
Forward - 60:00
Defense - 60:00

% Time on Ice - Diablos

Lines # - Real PCT - Wanted PCT - Time Play
Normal Forward
1 - 34% - 40% - 17:53
2 - 26% - 30% - 13:42
3 - 23% - 20% - 11:53
4 - 17% - 10% - 8:45
Normal Defense
1 - 40% - 40% - 20:45
2 - 32% - 30% - 16:44
3 - 21% - 20% - 11:10
4 - 7% - 10% - 3:34
PP Forward
1 - 67% - 60% - 3:54
2 - 33% - 40% - 1:54
PP Defense
1 - 73% - 60% - 4:14
2 - 27% - 40% - 1:34
PK Forward
1 - 77% - 60% - 1:32
2 - 23% - 40% - 0:27
PK Defense
1 - 60% - 60% - 1:11
2 - 40% - 40% - 0:48
PK3 Forward
1 - 0% - 60%
2 - 0% - 40%
PK3 Defense
1 - 0% - 60%
2 - 0% - 40%
44 Forward
1 - 0% - 60%
2 - 0% - 40%
44 Defense
1 - 0% - 60%
2 - 0% - 40%
Last Minute Offensive  - 0:00
Last Minute Defensive  - 0:00
Total
Forward - 60:00
Defense - 60:00

Play-by-Play

1st period


0:01 of 1st period - Artem Anisimov wins face-off versus Lars Eller in neutral zone.
0:26 of 1st period - Matt Delahey is hit by Danton Heinen and loses puck.
0:46 of 1st period - Off-side.
0:47 of 1st period - Kevin Roy wins face-off versus Adrian Kempe in neutral zone.
1:12 of 1st period - Andrei Mironov is hit by Adam Lowry and loses puck.
1:21 of 1st period - Snap shot by Corey Trivino.
1:21 of 1st period - Shot Misses the Net.
1:58 of 1st period - Snap shot by Jordan Szwarz.
1:58 of 1st period - Goal by Jordan Szwarz - Gangsters : 0 - Diablos : 1.
1:59 of 1st period - Devante Smith-Pelly wins face-off versus Lars Eller in neutral zone.
2:07 of 1st period - Wrist shot by Dave Dziurzynski.
2:07 of 1st period - Deflect By Artem Anisimov.
2:07 of 1st period - Stopped by Kristers Gudlevskis with a rebound.
2:09 of 1st period - Slapshot by Artem Anisimov.
2:09 of 1st period - Stopped by Kristers Gudlevskis with a rebound.
3:08 of 1st period - Snap shot by Corey Trivino.
3:08 of 1st period - Shot Misses the Net.
3:14 of 1st period - Slapshot by Corey Trivino.
3:14 of 1st period - Stopped by Dustin Tokarski with a rebound.
4:17 of 1st period - Off-side.
4:18 of 1st period - Lars Eller wins face-off versus Seth Griffith in neutral zone.
4:21 of 1st period - Snap shot by Nick Spaling.
4:21 of 1st period - Shot Misses the Net.
4:29 of 1st period - Snap shot by David Pastrnak.
4:29 of 1st period - Shot Misses the Net.
4:31 of 1st period - Slapshot by Philip Larsen.
4:31 of 1st period - Stopped by Dustin Tokarski without a rebound.
4:32 of 1st period - Lars Eller wins face-off versus Artem Anisimov in Gangsters zone.
4:43 of 1st period - Snap shot by David Pastrnak.
4:43 of 1st period - Deflect By Nick Spaling.
4:43 of 1st period - Shot Misses the Net.
4:43 of 1st period - Puck is out of play.
4:44 of 1st period - Danton Heinen wins face-off versus Artem Anisimov in Gangsters zone.
4:45 of 1st period - Snap shot by Jordan Szwarz.
4:45 of 1st period - Shot Misses the Net.
4:47 of 1st period - Snap shot by Jiri Sekac.
4:47 of 1st period - Stopped by Dustin Tokarski without a rebound.
4:48 of 1st period - Artem Anisimov wins face-off versus Danton Heinen in Gangsters zone.
5:15 of 1st period - Slapshot by Lars Eller.
5:15 of 1st period - Shot Misses the Net.
5:17 of 1st period - Snap shot by Lars Eller.
5:17 of 1st period - Shot Misses the Net.
6:00 of 1st period - Minor Penalty to Samuel Blais for Hooking.
6:01 of 1st period - Lars Eller wins face-off versus Artem Anisimov in Gangsters zone.
6:16 of 1st period - Icing by Lars Eller.
6:17 of 1st period - Artem Anisimov wins face-off versus Lars Eller in Diablos zone.
6:18 of 1st period - Wrist shot by Devante Smith-Pelly.
6:18 of 1st period - Shot Misses the Net.
6:30 of 1st period - Wrist shot by David Pastrnak.
6:30 of 1st period - Stopped by Dustin Tokarski with a rebound.
6:32 of 1st period - Snap shot by Lars Eller.
6:32 of 1st period - Shot Misses the Net.
6:34 of 1st period - Slapshot by Viktor Loov.
6:34 of 1st period - Deflect By Nick Spaling.
6:34 of 1st period - Stopped by Dustin Tokarski with a rebound.
6:36 of 1st period - Slapshot by Viktor Loov.
6:36 of 1st period - Shot Misses the Net.
6:38 of 1st period - Snap shot by Lars Eller.
6:38 of 1st period - Stopped by Dustin Tokarski with a rebound.
7:06 of 1st period - Snap shot by Lars Eller.
7:06 of 1st period - Deflect By Nick Spaling.
7:06 of 1st period - Stopped by Dustin Tokarski with a rebound.
7:08 of 1st period - Slapshot by Viktor Loov.
7:08 of 1st period - Shot Misses the Net.
7:10 of 1st period - Slapshot by Viktor Loov.
7:10 of 1st period - Shot Blocked by Matt Delahey.
7:36 of 1st period - Snap shot by Lars Eller.
7:36 of 1st period - Shot Misses the Net.
7:38 of 1st period - Snap shot by Alex Petrovic.
7:38 of 1st period - Goal by Alex Petrovic - Gangsters : 0 - Diablos : 2.
7:39 of 1st period - Seth Griffith wins face-off versus Jordan Szwarz in neutral zone.
7:48 of 1st period - Slapshot by Seth Griffith.
7:48 of 1st period - Goal by Seth Griffith - Gangsters : 1 - Diablos : 2.
7:49 of 1st period - Seth Griffith wins face-off versus Danton Heinen in neutral zone.
7:52 of 1st period - Jiri Sekac is hit by Matt Delahey and loses puck.
8:09 of 1st period - Cameron Gaunce is hit by David Pope and loses puck.
8:30 of 1st period - Slapshot by Cameron Gaunce.
8:30 of 1st period - Stopped by Dustin Tokarski with a rebound.
8:32 of 1st period - Slapshot by Cameron Gaunce.
8:32 of 1st period - Shot Blocked by Matt Delahey.
8:50 of 1st period - Wrist shot by David Pastrnak.
8:50 of 1st period - Shot Misses the Net.
9:11 of 1st period - Wrist shot by Devante Smith-Pelly.
9:11 of 1st period - Shot Misses the Net.
9:46 of 1st period - Connor Chatam is hit by Nick Spaling and loses puck.
10:51 of 1st period - Backhand shot by Corey Trivino.
10:51 of 1st period - Stopped by Dustin Tokarski with a rebound.
11:03 of 1st period - David Pastrnak is hit by Jordan Subban and loses puck.
11:20 of 1st period - Snap shot by Tyler Pitlick.
11:20 of 1st period - Stopped by Dustin Tokarski with a rebound.
11:32 of 1st period - Jack Glover is hit by Artem Anisimov and loses puck.
11:51 of 1st period - Wrist shot by Ty Rattie.
11:51 of 1st period - Stopped by Dustin Tokarski with a rebound.
11:53 of 1st period - Wrist shot by Charles Hudon.
11:53 of 1st period - Deflect By Corey Trivino.
11:53 of 1st period - Stopped by Dustin Tokarski with a rebound.
11:55 of 1st period - Slapshot by Andrei Mironov.
11:55 of 1st period - Deflect By Ty Rattie.
11:55 of 1st period - Shot Misses the Net.
11:55 of 1st period - Puck is out of play.
11:56 of 1st period - Seth Griffith wins face-off versus Lars Eller in Gangsters zone.
11:56 of 1st period - Seth Griffith is hit by Lars Eller.
12:02 of 1st period - Wrist shot by David Pope.
12:02 of 1st period - Shot Blocked by David Pastrnak.
12:04 of 1st period - Wrist shot by Brett Ponich.
12:04 of 1st period - Stopped by Kristers Gudlevskis without a rebound.
12:05 of 1st period - Nick Spaling wins face-off versus Sebastian Collberg in Diablos zone.
12:30 of 1st period - Snap shot by Seth Griffith.
12:30 of 1st period - Shot Blocked by Viktor Loov.
12:54 of 1st period - Snap shot by David Pope.
12:54 of 1st period - Stopped by Kristers Gudlevskis with a rebound.
13:12 of 1st period - Slapshot by Nick Spaling.
13:12 of 1st period - Stopped by Dustin Tokarski without a rebound.
13:13 of 1st period - Artem Anisimov wins face-off versus Jiri Sekac in Gangsters zone.
13:18 of 1st period - Wrist shot by Devante Smith-Pelly.
13:18 of 1st period - Shot Misses the Net.
14:07 of 1st period - Slapshot by Jordan Szwarz.
14:07 of 1st period - Shot Blocked by Artem Anisimov.
14:09 of 1st period - Slapshot by Danton Heinen.
14:09 of 1st period - Shot Blocked by Artem Anisimov.
14:11 of 1st period - Snap shot by Philip Larsen.
14:11 of 1st period - Deflect By Steven Santini.
14:11 of 1st period - Stopped by Dustin Tokarski with a rebound.
14:13 of 1st period - Wrist shot by Jordan Szwarz.
14:13 of 1st period - Goal by Jordan Szwarz - Gangsters : 1 - Diablos : 3.
14:14 of 1st period - Lars Eller wins face-off versus Kevin Roy in neutral zone.
14:25 of 1st period - Wrist shot by Nick Spaling.
14:25 of 1st period - Stopped by Dustin Tokarski with a rebound.
15:38 of 1st period - Philip Larsen is hit by Seth Griffith and loses puck.
16:28 of 1st period - Brett Ponich is hit by Nick Spaling and loses puck.
17:05 of 1st period - Jordan Subban is hit by Jordan Szwarz.
17:09 of 1st period - Jordan Szwarz is hit by Kevin Roy and loses puck.
17:57 of 1st period - Sebastian Collberg is hit by Ty Rattie and loses puck.
18:21 of 1st period - Connor Chatam is hit by Jordan Szwarz and loses puck.
19:03 of 1st period - Slapshot by Nick Spaling.
19:03 of 1st period - Shot Misses the Net.
19:33 of 1st period - Artem Anisimov is hit by Danton Heinen and loses puck.
Goals for this period are 1 for Gangsters vs 3 for Diablos .
Shots for this period are 5 for Gangsters vs 18 for Diablos .

2nd period


0:01 of 2nd period - Lars Eller wins face-off versus Dave Dziurzynski in neutral zone.
1:26 of 2nd period - Wrist shot by Sebastian Collberg.
1:26 of 2nd period - Stopped by Kristers Gudlevskis with a rebound.
2:04 of 2nd period - Jack Glover is hit by Kevin Roy and loses puck.
2:29 of 2nd period - Off-side.
2:30 of 2nd period - Corey Trivino wins face-off versus Adam Lowry in neutral zone.
2:51 of 2nd period - Slapshot by David Pastrnak.
2:51 of 2nd period - Shot Misses the Net.
3:01 of 2nd period - Minor Penalty to Brett Ponich for Cross-checking.
3:02 of 2nd period - Artem Anisimov wins face-off versus David Pastrnak in Gangsters zone.
3:02 of 2nd period - Artem Anisimov is hit by David Pastrnak.
3:13 of 2nd period - Wrist shot by Lars Eller.
3:13 of 2nd period - Goal by Lars Eller - Gangsters : 1 - Diablos : 4.
3:13 of 2nd period - Jordan Binnington enters game.
3:14 of 2nd period - Lars Eller wins face-off versus Artem Anisimov in neutral zone.
3:43 of 2nd period - Wrist shot by Seth Griffith.
3:43 of 2nd period - Shot Misses the Net.
3:45 of 2nd period - Slapshot by Matt Delahey.
3:45 of 2nd period - Stopped by Kristers Gudlevskis without a rebound.
3:46 of 2nd period - Danton Heinen wins face-off versus Seth Griffith in Diablos zone.
3:55 of 2nd period - Snap shot by Jiri Sekac.
3:55 of 2nd period - Stopped by Jordan Binnington with a rebound.
3:57 of 2nd period - Slapshot by Alex Petrovic.
3:57 of 2nd period - Stopped by Jordan Binnington with a rebound.
3:59 of 2nd period - Snap shot by Jordan Szwarz.
3:59 of 2nd period - Stopped by Jordan Binnington with a rebound.
4:01 of 2nd period - Slapshot by Viktor Loov.
4:01 of 2nd period - Stopped by Jordan Binnington with a rebound.
4:11 of 2nd period - Dave Dziurzynski is hit by Lars Eller and loses puck.
4:38 of 2nd period - Backhand shot by Phillip Danault.
4:38 of 2nd period - Stopped by Kristers Gudlevskis without a rebound.
4:39 of 2nd period - Lars Eller wins face-off versus Kevin Roy in Diablos zone.
4:39 of 2nd period - Lars Eller is hit by Connor Chatam.
5:31 of 2nd period - Jordan Subban is hit by Ty Rattie and loses puck.
5:36 of 2nd period - Snap shot by Ty Rattie.
5:36 of 2nd period - Goal by Ty Rattie - Gangsters : 1 - Diablos : 5.
5:37 of 2nd period - Lars Eller wins face-off versus Artem Anisimov in neutral zone.
5:55 of 2nd period - Minor Penalty to Dave Dziurzynski for Roughing.
5:56 of 2nd period - Artem Anisimov wins face-off versus Lars Eller in Gangsters zone.
7:55 of 2nd period - Penalty to Dave Dziurzynski is over, Dave Dziurzynski is back on ice.
8:01 of 2nd period - Slapshot by Matt Delahey.
8:01 of 2nd period - Shot Misses the Net.
8:03 of 2nd period - Wrist shot by Connor Chatam.
8:03 of 2nd period - Shot Misses the Net.
9:08 of 2nd period - Icing by Sebastian Collberg.
9:09 of 2nd period - Danton Heinen wins face-off versus Julius Vahatalo in Gangsters zone.
9:28 of 2nd period - Wrist shot by Devante Smith-Pelly.
9:28 of 2nd period - Shot Misses the Net.
9:30 of 2nd period - Wrist shot by Sebastian Collberg.
9:30 of 2nd period - Shot Misses the Net.
9:32 of 2nd period - Snap shot by David Pope.
9:32 of 2nd period - Stopped by Kristers Gudlevskis without a rebound.
9:33 of 2nd period - Lars Eller wins face-off versus Seth Griffith in Diablos zone.
9:48 of 2nd period - Snap shot by Seth Griffith.
9:48 of 2nd period - Shot Misses the Net.
9:54 of 2nd period - Snap shot by Seth Griffith.
9:54 of 2nd period - Shot Misses the Net.
9:56 of 2nd period - Wrist shot by David Pope.
9:56 of 2nd period - Stopped by Kristers Gudlevskis without a rebound.
9:57 of 2nd period - Danton Heinen wins face-off versus Artem Anisimov in Diablos zone.
9:57 of 2nd period - Danton Heinen is hit by Steven Santini.
10:09 of 2nd period - Snap shot by Jiri Sekac.
10:09 of 2nd period - Shot Misses the Net.
10:11 of 2nd period - Slapshot by Alex Petrovic.
10:11 of 2nd period - Goal by Alex Petrovic - Gangsters : 1 - Diablos : 6.
10:12 of 2nd period - Artem Anisimov wins face-off versus Lars Eller in neutral zone.
10:38 of 2nd period - Snap shot by Tyler Pitlick.
10:38 of 2nd period - Shot Misses the Net.
11:04 of 2nd period - Slapshot by Devante Smith-Pelly.
11:04 of 2nd period - Shot Misses the Net.
11:06 of 2nd period - Slapshot by Brett Ponich.
11:06 of 2nd period - Stopped by Kristers Gudlevskis without a rebound.
11:07 of 2nd period - Lars Eller wins face-off versus Seth Griffith in Diablos zone.
11:07 of 2nd period - Lars Eller is hit by Seth Griffith.
11:20 of 2nd period - Snap shot by David Pope.
11:20 of 2nd period - Shot Misses the Net.
11:22 of 2nd period - Snap shot by David Pope.
11:22 of 2nd period - Stopped by Kristers Gudlevskis with a rebound.
11:42 of 2nd period - Slapshot by Phillip Danault.
11:42 of 2nd period - Stopped by Kristers Gudlevskis with a rebound.
12:14 of 2nd period - Wrist shot by Adrian Kempe.
12:14 of 2nd period - Stopped by Jordan Binnington with a rebound.
12:35 of 2nd period - Jacob Middleton is hit by Nick Spaling and loses puck.
13:10 of 2nd period - Dave Dziurzynski is hit by Charles Hudon and loses puck.
13:31 of 2nd period - Snap shot by David Pope.
13:31 of 2nd period - Stopped by Kristers Gudlevskis without a rebound.
13:32 of 2nd period - Lars Eller wins face-off versus David Pope in Diablos zone.
13:45 of 2nd period - Wrist shot by Seth Griffith.
13:45 of 2nd period - Stopped by Kristers Gudlevskis with a rebound.
13:47 of 2nd period - Slapshot by Brett Ponich.
13:47 of 2nd period - Shot Misses the Net.
14:02 of 2nd period - Snap shot by Dave Dziurzynski.
14:02 of 2nd period - Stopped by Kristers Gudlevskis without a rebound.
14:03 of 2nd period - Danton Heinen wins face-off versus Artem Anisimov in Diablos zone.
14:12 of 2nd period - Wrist shot by Jordan Szwarz.
14:12 of 2nd period - Deflect By Jiri Sekac.
14:12 of 2nd period - Shot Misses the Net.
14:12 of 2nd period - Puck is out of play.
14:13 of 2nd period - Danton Heinen wins face-off versus Dave Dziurzynski in Gangsters zone.
14:32 of 2nd period - Wrist shot by Dave Dziurzynski.
14:32 of 2nd period - Stopped by Kristers Gudlevskis without a rebound.
14:33 of 2nd period - Seth Griffith wins face-off versus Lars Eller in Diablos zone.
14:41 of 2nd period - Wrist shot by David Pope.
14:41 of 2nd period - Shot Misses the Net.
14:50 of 2nd period - Off-side.
14:51 of 2nd period - Artem Anisimov wins face-off versus Danton Heinen in neutral zone.
14:54 of 2nd period - Slapshot by Matt Delahey.
14:54 of 2nd period - Deflect By Devante Smith-Pelly.
14:54 of 2nd period - Shot Blocked by Philip Larsen.
14:54 of 2nd period - Puck is out of play.
14:55 of 2nd period - Artem Anisimov wins face-off versus Danton Heinen in Diablos zone.
15:29 of 2nd period - Wrist shot by Kevin Roy.
15:29 of 2nd period - Deflect By Phillip Danault.
15:29 of 2nd period - Stopped by Kristers Gudlevskis without a rebound.
15:30 of 2nd period - Kevin Roy wins face-off versus Lars Eller in Diablos zone.
15:31 of 2nd period - Wrist shot by Connor Chatam.
15:31 of 2nd period - Stopped by Kristers Gudlevskis with a rebound.
15:55 of 2nd period - Adrian Kempe is hit by Devante Smith-Pelly and loses puck.
16:22 of 2nd period - Backhand shot by Seth Griffith.
16:22 of 2nd period - Shot Blocked by Corey Trivino.
16:29 of 2nd period - Icing by Charles Hudon.
16:30 of 2nd period - Corey Trivino wins face-off versus Artem Anisimov in Diablos zone.
16:43 of 2nd period - Wrist shot by Devante Smith-Pelly.
16:43 of 2nd period - Goal by Devante Smith-Pelly - Gangsters : 2 - Diablos : 6.
16:44 of 2nd period - Artem Anisimov wins face-off versus Lars Eller in neutral zone.
17:55 of 2nd period - Icing by Artem Anisimov.
17:56 of 2nd period - Adam Lowry wins face-off versus Corey Trivino in Gangsters zone.
18:15 of 2nd period - Wrist shot by Alex Petrovic.
18:15 of 2nd period - Goal by Alex Petrovic - Gangsters : 2 - Diablos : 7.
18:16 of 2nd period - Nick Spaling wins face-off versus Artem Anisimov in neutral zone.
18:29 of 2nd period - Off-side.
18:30 of 2nd period - Artem Anisimov wins face-off versus Lars Eller in neutral zone.
18:55 of 2nd period - Philip Larsen is hit by Seth Griffith and loses puck.
19:46 of 2nd period - Wrist shot by David Pastrnak.
19:46 of 2nd period - Stopped by Jordan Binnington with a rebound.
19:48 of 2nd period - Slapshot by Cameron Gaunce.
19:48 of 2nd period - Shot Misses the Net.
Goals for this period are 1 for Gangsters vs 4 for Diablos .
Shots for this period are 15 for Gangsters vs 10 for Diablos .

3rd period


0:01 of 3rd period - Lars Eller wins face-off versus Artem Anisimov in neutral zone.
0:06 of 3rd period - Slapshot by Cameron Gaunce.
0:06 of 3rd period - Stopped by Jordan Binnington with a rebound.
0:08 of 3rd period - Wrist shot by Nick Spaling.
0:08 of 3rd period - Stopped by Jordan Binnington with a rebound.
0:10 of 3rd period - Snap shot by Lars Eller.
0:10 of 3rd period - Shot Misses the Net.
0:12 of 3rd period - Slapshot by Nick Spaling.
0:12 of 3rd period - Shot Blocked by Brett Ponich.
0:14 of 3rd period - Snap shot by Nick Spaling.
0:14 of 3rd period - Stopped by Jordan Binnington with a rebound.
0:16 of 3rd period - Slapshot by Cameron Gaunce.
0:16 of 3rd period - Stopped by Jordan Binnington with a rebound.
0:57 of 3rd period - Minor Penalty to Brett Ponich for Holding.
0:58 of 3rd period - Artem Anisimov wins face-off versus Lars Eller in Gangsters zone.
1:20 of 3rd period - Nick Spaling is hit by Steven Santini.
2:18 of 3rd period - David Pope is hit by Cameron Gaunce and loses puck.
2:47 of 3rd period - Artem Anisimov is hit by Viktor Loov and loses puck.
2:57 of 3rd period - Penalty to Brett Ponich is over, Brett Ponich is back on ice.
3:06 of 3rd period - Wrist shot by Brett Ponich.
3:06 of 3rd period - Stopped by Kristers Gudlevskis with a rebound.
3:44 of 3rd period - Corey Trivino is hit by Derrick Pouliot and loses puck.
3:53 of 3rd period - Snap shot by Kevin Roy.
3:53 of 3rd period - Stopped by Kristers Gudlevskis with a rebound.
4:15 of 3rd period - Andrei Mironov is hit by David Pope.
4:19 of 3rd period - Sebastian Collberg is hit by Nick Spaling and loses puck.
4:32 of 3rd period - Snap shot by David Pope.
4:32 of 3rd period - Shot Misses the Net.
4:50 of 3rd period - Charles Hudon is hit by Samuel Blais and loses puck.
4:59 of 3rd period - Slapshot by Steven Santini.
4:59 of 3rd period - Shot Blocked by Charles Hudon.
5:01 of 3rd period - Snap shot by Samuel Blais.
5:01 of 3rd period - Stopped by Kristers Gudlevskis with a rebound.
5:33 of 3rd period - Snap shot by Seth Griffith.
5:33 of 3rd period - Stopped by Kristers Gudlevskis with a rebound.
5:57 of 3rd period - Tyler Pitlick is hit by Samuel Blais and loses puck.
6:04 of 3rd period - Snap shot by Samuel Blais.
6:04 of 3rd period - Shot Blocked by Alex Petrovic.
6:06 of 3rd period - Slapshot by Matt Delahey.
6:06 of 3rd period - Deflect By Alex Petrovic.
6:06 of 3rd period - Stopped by Kristers Gudlevskis with a rebound.
7:02 of 3rd period - Seth Griffith is hit by Nick Spaling and loses puck.
7:15 of 3rd period - Snap shot by Jordan Subban.
7:15 of 3rd period - Stopped by Kristers Gudlevskis with a rebound.
7:17 of 3rd period - Slapshot by Ryan Culkin.
7:17 of 3rd period - Shot Blocked by Alex Petrovic.
7:19 of 3rd period - Snap shot by Connor Chatam.
7:19 of 3rd period - Shot Hit the Post.
7:21 of 3rd period - Snap shot by Phillip Danault.
7:21 of 3rd period - Shot Misses the Net.
7:34 of 3rd period - Philip Larsen is hit by Derrick Pouliot and loses puck.
7:37 of 3rd period - Snap shot by Adrian Kempe.
7:37 of 3rd period - Deflect By Sergey Tolchinsky.
7:37 of 3rd period - Shot Misses the Net.
7:37 of 3rd period - Puck is out of play.
7:38 of 3rd period - Adrian Kempe wins face-off versus Artem Anisimov in Gangsters zone.
7:41 of 3rd period - Wrist shot by Adrian Kempe.
7:41 of 3rd period - Stopped by Jordan Binnington with a rebound.
7:43 of 3rd period - Slapshot by Andrei Mironov.
7:43 of 3rd period - Deflect By Steven Santini.
7:43 of 3rd period - Stopped by Jordan Binnington with a rebound.
7:45 of 3rd period - Wrist shot by Adrian Kempe.
7:45 of 3rd period - Deflect By Tyler Pitlick.
7:45 of 3rd period - Shot Misses the Net.
7:45 of 3rd period - Puck is out of play.
7:46 of 3rd period - Lars Eller wins face-off versus Artem Anisimov in Gangsters zone.
7:55 of 3rd period - Wrist shot by Lars Eller.
7:55 of 3rd period - Shot Blocked by Brett Ponich.
8:20 of 3rd period - Off-side.
8:21 of 3rd period - Lars Eller wins face-off versus Seth Griffith in neutral zone.
8:28 of 3rd period - Wrist shot by Cameron Gaunce.
8:28 of 3rd period - Stopped by Jordan Binnington without a rebound.
8:29 of 3rd period - Seth Griffith wins face-off versus Lars Eller in Gangsters zone.
8:29 of 3rd period - Seth Griffith is hit by David Pastrnak.
8:51 of 3rd period - Off-side.
8:52 of 3rd period - Artem Anisimov wins face-off versus Danton Heinen in neutral zone.
9:26 of 3rd period - Snap shot by Lars Eller.
9:26 of 3rd period - Stopped by Jordan Binnington with a rebound.
9:32 of 3rd period - Nick Spaling is hit by Brett Ponich and loses puck.
10:07 of 3rd period - Slapshot by Alex Petrovic.
10:07 of 3rd period - Stopped by Jordan Binnington with a rebound.
10:09 of 3rd period - Snap shot by Charles Hudon.
10:09 of 3rd period - Shot Misses the Net.
10:11 of 3rd period - Wrist shot by Corey Trivino.
10:11 of 3rd period - Shot Misses the Net.
10:13 of 3rd period - Slapshot by Charles Hudon.
10:13 of 3rd period - Shot Misses the Net.
10:15 of 3rd period - Backhand shot by Viktor Loov.
10:15 of 3rd period - Deflect By Steven Santini.
10:15 of 3rd period - Stopped by Jordan Binnington without a rebound.
10:16 of 3rd period - Seth Griffith wins face-off versus Lars Eller in Gangsters zone.
11:04 of 3rd period - Tyler Pitlick is hit by Phillip Danault and loses puck.
12:26 of 3rd period - Slapshot by Steven Santini.
12:26 of 3rd period - Shot Blocked by Philip Larsen.
12:49 of 3rd period - Slapshot by David Pope.
12:49 of 3rd period - Shot Blocked by Charles Hudon.
12:51 of 3rd period - Backhand shot by Joshua Jacobs.
12:51 of 3rd period - Deflect By Philip Larsen.
12:51 of 3rd period - Stopped by Kristers Gudlevskis with a rebound.
12:55 of 3rd period - Wrist shot by Seth Griffith.
12:55 of 3rd period - Deflect By David Pope.
12:55 of 3rd period - Shot Misses the Net.
12:55 of 3rd period - Puck is out of play.
12:56 of 3rd period - Seth Griffith wins face-off versus Lars Eller in Diablos zone.
13:22 of 3rd period - Minor Penalty to David Pastrnak for Holding.
13:23 of 3rd period - Corey Trivino wins face-off versus Artem Anisimov in Diablos zone.
14:17 of 3rd period - Off-side.
14:18 of 3rd period - Tyler Pitlick wins face-off versus Artem Anisimov in neutral zone.
15:14 of 3rd period - Jiri Sekac is hit by Steven Santini and loses puck.
15:22 of 3rd period - Penalty to David Pastrnak is over, David Pastrnak is back on ice.
15:25 of 3rd period - Viktor Loov is hit by Kevin Roy and loses puck.
15:36 of 3rd period - Wrist shot by Phillip Danault.
15:36 of 3rd period - Shot Blocked by Philip Larsen.
15:53 of 3rd period - Off-side.
15:54 of 3rd period - Seth Griffith wins face-off versus Adrian Kempe in neutral zone.
16:01 of 3rd period - Snap shot by David Pope.
16:01 of 3rd period - Deflect By Sebastian Collberg.
16:01 of 3rd period - Shot Blocked by Tyler Pitlick.
16:01 of 3rd period - Puck is out of play.
16:02 of 3rd period - Seth Griffith wins face-off versus Adrian Kempe in Diablos zone.
16:03 of 3rd period - Snap shot by Sebastian Collberg.
16:03 of 3rd period - Stopped by Kristers Gudlevskis with a rebound.
16:08 of 3rd period - Off-side.
16:09 of 3rd period - Tyler Pitlick wins face-off versus Artem Anisimov in neutral zone.
16:43 of 3rd period - Wrist shot by David Pope.
16:43 of 3rd period - Deflect By Seth Griffith.
16:43 of 3rd period - Stopped by Kristers Gudlevskis without a rebound.
16:44 of 3rd period - Seth Griffith wins face-off versus Lars Eller in Diablos zone.
16:49 of 3rd period - Backhand shot by Seth Griffith.
16:49 of 3rd period - Stopped by Kristers Gudlevskis without a rebound.
16:50 of 3rd period - Lars Eller wins face-off versus Devante Smith-Pelly in Diablos zone.
17:46 of 3rd period - Off-side.
17:47 of 3rd period - Lars Eller wins face-off versus Kevin Roy in neutral zone.
18:10 of 3rd period - Slapshot by Kevin Roy.
18:10 of 3rd period - Shot Misses the Net.
18:12 of 3rd period - Slapshot by Jordan Subban.
18:12 of 3rd period - Deflect By Sergey Tolchinsky.
18:12 of 3rd period - Stopped by Kristers Gudlevskis without a rebound.
18:13 of 3rd period - Adrian Kempe wins face-off versus Artem Anisimov in Diablos zone.
18:36 of 3rd period - Dave Dziurzynski is hit by Sergey Tolchinsky and loses puck.
18:46 of 3rd period - Off-side.
18:47 of 3rd period - Lars Eller wins face-off versus Seth Griffith in neutral zone.
19:18 of 3rd period - Kevin Roy is hit by Cameron Gaunce and loses puck.
19:29 of 3rd period - Kevin Roy is hit by Jordan Szwarz and loses puck.
Goals for this period are 0 for Gangsters vs 0 for Diablos .
Shots for this period are 11 for Gangsters vs 10 for Diablos .